AoeStats
← RIO1000

MegaRandom

506505178Analyzed
1v1 RM · 20d ago on Sep 13, 2026· 37m 7s· 2 players
Game mode
Random Map
Map size
Tiny (2 player)
Population
200
Speed
Normal
Resources
Standard
Victory
Conquest
Starting age
Dark Age
Ending age
Imperial Age
RankedLock teamsTeams togetherTeam positionsShared explorationLock speedFull tech treeHidden civsTurbo modeCheats
Victory
Defeat
🇲🇽 Poles · Mexico
871
+14
🇪🇸 Bohemians · Spain
831
-14
andres.murillo3
10:26 Feudal Age
10:50 Horse Collar
11:07 Double-Bit Axe
10:52 Man-at-Arms
20:21 Castle Age
22:20 Bow Saw
22:42 Long Swordsman
23:40 Heavy Plow
25:44 Wheelbarrow
24:55 Loom
24:56 Town Watch
25:33 Pikeman
26:15 Squires
26:52 Elite Skirmisher
29:11 Chemistry
31:46 Imperial Age
31:50 Hand Cart
32:29 Forging
32:11 Fletching
32:28 Scale Mail Armor
33:46 Two-Handed Swordsman
36:57 Halberdier
RIO1000
9:52 Feudal Age
8:09 Loom
10:23 Double-Bit Axe
10:33 Town Watch
11:20 Horse Collar
16:23 Castle Age
14:56 Stone Mining
17:42 Wheelbarrow
19:13 Bow Saw
19:46 Heavy Plow
24:12 Gold Mining
25:17 Szlachta Privileges
30:07 Imperial Age
28:25 Hand Cart
28:31 Town Watch
30:19 Scale Barding Armor
30:57 Forging
30:14 Cavalier
31:40 Husbandry
31:54 Bloodlines
32:53 Chain Barding Armor
32:47 Town Patrol
33:51 Iron Casting
34:12 Fletching
34:32 Pikeman
36:19 Blast Furnace
Connection lost

Rejoining the realm…

Still unreachable

The connection could not be restored.

Session expired

The server has moved on; the page needs a fresh start.